 Dungeon Crawl Stone Soup version 0.17-a0-1691-g18a3847 (console) character file.

364 lauthentik the Covert (level 7, 0/41 HPs)
             Began as a Kobold Assassin on Aug 20, 2015.
             Was an Initiate of Dithmenos.
             Slain by Grinder (6 damage)
             ... on level 6 of the Dungeon.
             The game lasted 00:24:25 (4226 turns).

lauthentik the Covert (Kobold Assassin)             Turns: 4226, Time: 00:24:25

Health: 0/41       AC: 10    Str:  9    XL:     7   Next: 0%
Magic:  7/7        EV: 20    Int: 12    God:    Dithmenos [......]
Gold:   282        SH:  0    Dex: 20    Spells: 0 memorised, 6 levels left

rFire  . . .     SeeInvis .     u - +1 dagger (venom)
rCold  . . .     Clarity  .     B - +2 robe {rN+}
rNeg   + . .     SustAt   +     (shield restricted)
rPois  .         Gourm    .     i - +2 helmet {Int+3}
rElec  .         Spirit   .     y - +1 cloak
rCorr  .         Warding  .     H - +0 pair of gloves
rMut   .         Stasis   .     (no boots)
MR     .....                    (no amulet)
Stlth  +++++.....               v - ring of sustain attributes
                                t - +2 ring of evasion

@: not resistant to hostile enchantments, quite stealthy
A: carnivore 3
a: Renounce Religion


You were on level 6 of the Dungeon.
You worshipped Dithmenos.
Dithmenos was noncommittal.
You were very full.

You visited 2 branches of the dungeon, and saw 7 of its levels.

You collected 282 gold pieces.

Inventory:

Hand weapons
 a - a +2 dagger
 b - a +0 blowgun
 u - a +1 dagger of venom (weapon)
 z - a +0 hunting sling
 E - a +2 dagger of freezing
Missiles
 c - 36 sling bullets
 e - 15 poisoned needles
 f - 2 curare-tipped needles
 A - 9 sling bullets of flame
 F - 3 exploding sling bullets
Armour
 i - a +2 helmet of intelligence (worn)
 y - a +1 cloak (worn)
 B - a +2 robe of positive energy (worn)
 H - a +0 pair of gloves (worn)
Jewellery
 t - a +2 ring of evasion (left hand)
 v - a ring of sustain attributes (right hand)
Scrolls
 d - a scroll of noise {unknown}
 h - 2 scrolls of remove curse
 k - 4 scrolls of blinking
 n - a scroll of recharging
 w - 4 scrolls of identify
 x - a scroll of magic mapping {unknown}
Potions
 l - 2 potions of haste
 m - a potion of cancellation
 o - 3 potions of agility {unknown}
 p - a potion of heal wounds
 r - 6 potions of curing
 s - 3 potions of poison {unknown}
 C - a potion of cure mutation {unknown}
 D - a potion of degeneration {unknown}
 G - a potion of mutation {unknown}
 I - 2 potions of magic {unknown}
 K - a potion of lignification {unknown}
Books
 J - an Akashic Record

   Spells                             Type                      Level
   a - Dispersal                      Translocation                6
   b - Controlled Blink               Translocation                7
   c - Malign Gateway                 Summoning/Translocation      7
   d - Disjunction                    Translocation                8
Comestibles
 g - 2 meat rations
 j - a royal jelly
 q - 3 slices of pizza


   Skills:
 + Level 3.4 Fighting
 + Level 4.1 Short Blades
 + Level 3.0 Throwing
 + Level 4.2 Dodging
 + Level 8.0 Stealth


You had 6 spell levels left.
You didn't know any spells.

Dungeon Overview and Level Annotations

Branches:
Dungeon (6/15)             Temple (1/1) D:4

Altars:
Ashenzari
Cheibriados
Dithmenos
Elyvilon
Gozag
Kikubaaqudgha
Makhleb
Okawaru
Qazlal
Sif Muna
Trog
Vehumet
Xom
Zin
The Shining One

Shops:
D:5 (

Annotations:
D:6 Grinder


Innate Abilities, Weirdness & Mutations

You are small and have problems with some larger weapons.
You are carnivorous and can eat meat at any time.


Message History

* * * LOW HITPOINT WARNING * * *
You closely miss Grinder.
Grinder is moderately wounded.
Grinder gestures.
Grinder blinks!
Grinder gestures at you. Pain shoots through your body!
* * * LOW HITPOINT WARNING * * *
Grinder gestures at you.
You suddenly lose the ability to move!
Grinder hits you but does no damage. Grinder barely misses you.
You can move again.
You hit Grinder but do no damage.
Grinder is moderately wounded.
Grinder hits you but does no damage.
You hit Grinder.
Grinder is moderately wounded.
Grinder hits you.
You die...

#....##.... # #........
.. ##.......
...###......# ...#
..........# ...##
#.......# ....## .
###.....# .. .....###.#
#.....## ...
......##.###....@.##..#
..........#..###.5..#
.............###...##
..<...............##
#.........#.......#
##.......##...###.#
...###...##...# ..#
....###..##...###..#
......#..##........#


You could see Grinder.

Vanquished Creatures
  An ogre (D:4)
  An iguana (D:4)
  A centaur skeleton (D:4)
  Jessica (D:3)
  2 worker ants (D:5)
  6 adders
  An ooze (D:3)
  2 worms (D:2)
  A giant gecko (D:1)
  5 orcs (D:3)
  2 ball pythons
  6 giant cockroaches
  7 hobgoblins
  8 jackals
  2 kobolds
  4 quokkas
  3 bats
  10 giant newts
  8 goblins
  A jackal zombie (D:5)
  4 rats
76 creatures vanquished.

Notes
Turn   | Place    | Note
--------------------------------------------------------------
     0 | D:1      | lauthentik the Kobold Assassin began the quest for the Orb.
     0 | D:1      | Reached XP level 1. HP: 12/12 MP: 1/1
   125 | D:1      | Reached XP level 2. HP: 4/17 MP: 2/2
   403 | D:1      | Reached skill level 6 in Stealth
   816 | D:2      | Reached XP level 3. HP: 20/22 MP: 3/3
  1322 | D:2      | Reached XP level 4. HP: 27/27 MP: 4/4
  1415 | D:2      | Found a deep blue altar of Sif Muna.
  1727 | D:3      | Noticed Jessica
  1779 | D:3      | Killed Jessica
  1779 | D:3      | Reached skill level 7 in Stealth
  1779 | D:3      | Reached XP level 5. HP: 15/32 MP: 5/5
  2013 | D:3      | Found a radiant altar of Vehumet.
  2538 | D:4      | Found a staircase to the Ecumenical Temple.
  2574 | Temple   | Entered the Ecumenical Temple
  2711 | Temple   | Became a worshipper of Dithmenos the Shadowed
  2902 | D:4      | Found a white marble altar of Elyvilon.
  2906 | D:4      | Found a shimmering altar of Xom.
  3224 | D:4      | Found a bloodstained altar of Trog.
  3276 | D:4      | Reached XP level 6. HP: 37/37 MP: 6/6
  3322 | D:4      | Noticed an ogre
  3337 | D:4      | Killed an ogre
  3634 | D:5      | Entered Level 5 of the Dungeon
  3634 | D:5      | Found Casmoclucu's Weapon Shop.
  3843 | D:5      | Reached skill level 8 in Stealth
  3892 | D:5      | Found a burning altar of Makhleb.
  3894 | D:5      | Found a glowing silver altar of Zin.
  3894 | D:5      | Noticed an angel
  3895 | D:5      | Noticed a cacodemon
  3950 | D:5      | Reached XP level 7. HP: 41/41 MP: 7/7
  4184 | D:6      | Noticed Grinder
  4194 | D:6      | Paralysed by Grinder for 6 turns
  4204 | D:6      | Paralysed by Grinder for 5 turns
  4222 | D:6      | Paralysed by Grinder for 3 turns
  4226 | D:6      | Slain by Grinder

Vault maps used:
D:1:      lightli_molten_gateway, serial_park_tiny_pond
D:2:      lemuel_blue_sif_altar, minmay_newt_pond
D:3:      vehumet_crystals, serial_aquarium, aquarium_bridge_square,
          aquarium_window_double, aquarium_window_corridor_1,
          aquarium_window_corner, aquarium_view_2c, aquarium_pool_split,
          dk_noncrumbling_2, uniq_jessica
D:4:      bloody_trog, grunt_temple_overflow_open,
          minmay_temple_entry_large_hall, first_bread
D:5:      grunt_temple_overflow_order_and_chaos_2, serial_shops,
          nicolae_shop_stone
D:6:      kennysheep_path_1, roderic_greek_sauvastika, uniq_grinder
Temple:   jpeg_temple_alley_garden_8

Action                   |  1- 3 |  4- 6 |  7- 9 || total
-------------------------+-------+-------+-------++-------
Melee: Dagger            |   119 |   174 |    17 ||   310
 Fire: Blowgun           |       |     3 |       ||     3
       Hunting sling     |       |     1 |       ||     1
  Use: Scroll            |     2 |     5 |       ||     7
       Potion            |       |     1 |       ||     1
 Stab: Sleeping          |     9 |    12 |       ||    21
       Distracted        |       |     1 |       ||     1
  Eat: Chunk             |     9 |     8 |       ||    17
